 Dungeon Crawl Stone Soup version 0.28.0-43-g3370ac3207 (webtiles) character file.

Game seed: 13815186352265693247

604 terff the Chopper (level 7, -10/61 HPs)
             Began as a Hill Orc Fighter on Apr 1, 2022.
             Killed from afar by Dowan (17 damage)
             ... with a shard of ice
             ... on level 4 of the Dungeon.
             The game lasted 00:08:04 (5012 turns).

terff the Chopper (Hill Orc Fighter)                Turns: 5012, Time: 00:08:05

Health: -10/61     AC:  7    Str: 19    XL:     7   Next: 42%
Magic:  7/7        EV:  9    Int:  8    God:
Gold:   942        SH:  5    Dex: 12    Spells: 6/6 levels left

rFire   . . .      SeeInvis .   a - +0 war axe
rCold   . . .      Faith    .   c - +0 buckler
rNeg    . . .      Spirit   .   b - +0 scale mail
rPois   .          Reflect  .   (no helmet)
rElec   .          Harm     .   (no cloak)
rCorr   .          Rampage  .   (no gloves)
Will    .....                   (no boots)
Stlth   ..........              (no amulet)
HPRegen 0.20/turn               (no ring)
MPRegen 0.10/turn               (no ring)

@: no status effects
A: no striking features
a: no special abilities


You were on level 4 of the Dungeon.
You visited 1 branch of the dungeon, and saw 4 of its levels.

You collected 942 gold pieces.

Inventory:

Hand Weapons
 a - a +0 war axe (weapon)
Armour
 b - a +0 scale mail (worn)
 c - a +0 buckler (worn)
 l - a +0 helmet
Scrolls
 e - a scroll of magic mapping
 k - a scroll of blinking {unknown}
Potions
 d - a potion of mutation {unknown}
 f - a potion of degeneration {unknown}
 g - a potion of haste {unknown}
 h - 2 potions of curing
 i - 3 potions of attraction {unknown}
 j - 2 potions of flight {unknown}


   Skills:
 + Level 5.1 Fighting
 + Level 6.8 Axes
 + Level 5.4 Armour
 + Level 1.3 Dodging
 + Level 0.4 Stealth
 + Level 4.3 Shields


You had 6 spell levels left.
You didn't know any spells.
Your spell library contained the following spells:

 Spells                   Type           Power      Damage    Failure   Level
 Ensorcelled Hibernation  Hex/Ice        0%         N/A       94%         2
 Passwall                 Tmut/Erth      0%         N/A       94%         2
 Swiftness                Air            0%         N/A       99%         3


Dungeon Overview and Level Annotations

Branches:
Dungeon (4/15)
 Temple: D:4-7

Altars:
Fedhas
Kikubaaqudgha

Shops:
D:3 !

Annotations:
D:3 2 runed translucent doors, issech's ghost, weakling TrMo
D:4 Dowan


Message History

Duvessa is almost dead.
Duvessa hits you with a +0 short sword.
You hit Duvessa.
You kill Duvessa!
Dowan's eyes darken. "You have made a black mistake."
Dowan seems to find hidden reserves of power!
Your Fighting skill increases to level 5!
You hit Dowan.
Dowan is moderately wounded.
Dowan hits you but does no damage. x2
You barely miss Dowan.
Dowan is moderately wounded.
Dowan hits you with a +0 dagger. x2
You barely miss Dowan.
Dowan is moderately wounded.
Dowan casts a spell at you. The stone arrow hits you!
You slash Dowan!
Dowan is heavily wounded.
Dowan mumbles some strange words.
Dowan blinks!
Dowan gestures at you while chanting. The stone arrow hits you!!
* * * LOW HITPOINT WARNING * * *
Things that are here:
a +0 short sword; a +0 leather armour; the elf corpse of Duvessa You barely miss Dowan.
Dowan is heavily wounded.
Dowan mumbles some strange words.
Dowan blinks!
Dowan casts a spell at you. You block the stone arrow.
Dowan hits you with a +0 dagger.
* * * LOW HITPOINT WARNING * * *
You block Dowan's attack.
You closely miss Dowan.
Dowan is heavily wounded.
Dowan hits you but does no damage. Dowan gestures at you while chanting.
The shard of ice hits you!
You die...

#.##.........
##.##.........
.#.##.........
...##..........
......###.....# #
...........##.######.#
.....................# #
.#.###÷..........e####.#
.#.# #..........@..)...#
.#.# #..#..###.##.###..#
.#.###.#†#)#)#.##.# ..#
##........)))..##.# e.#
#####.##'##)#.##.# ..#
..[#...#...##.# ..#
#..#.+...'.#....# ..#
......#...#......# .e#
.... #.##+##.#....#


You could see Dowan (fast).

Vanquished Creatures
  Menkaure (D:4)
  Duvessa (D:4)
  A black bear (D:3)
  A phantom (D:4)
  Crazy Yiuf (D:2)
  An iguana (D:3)
  Robin (D:4)
  3 gnolls (D:3)
  2 adders
  3 worms
  3 dart slugs
  5 orcs
  8 ball pythons
  10 endoplasms
  A giant cockroach (D:1)
  11 goblins
  8 hobgoblins
  5 jackals
  3 quokkas
  7 bats
  3 frilled lizards
  5 kobolds
  6 rats
90 creatures vanquished.

Notes
Turn   | Place    | Note
-------+----------+-------------------------------------------
     0 | D:1      | terff the Hill Orc Fighter began the quest for the Orb.
     0 | D:1      | Reached XP level 1. HP: 19/19 MP: 1/1
   155 | D:1      | Reached skill level 3 in Axes
   155 | D:1      | Reached XP level 2. HP: 23/27 MP: 2/2
   274 | D:1      | Reached XP level 3. HP: 25/33 MP: 3/3
   813 | D:1      | Found a faded altar of an unknown god.
   961 | D:1      | Identified a scroll of acquirement
   961 | D:1      | Acquired 744 gold pieces
  1040 | D:2      | Found a runed translucent door.
  1041 | D:2      | Noticed Crazy Yiuf
  1259 | D:2      | Reached skill level 4 in Axes
  1555 | D:2      | Reached XP level 4. HP: 27/40 MP: 4/4
  1865 | D:2      | Killed Crazy Yiuf
  2580 | D:3      | Reached XP level 5. HP: 46/46 MP: 5/5
  2602 | D:3      | Found a large runed translucent door.
  2602 | D:3      | Found a large runed translucent door.
  2609 | D:3      | Noticed issech's ghost (weakling TrMo)
  2712 | D:3      | Reached skill level 5 in Axes
  2899 | D:3      | Found Huathegu's Distillery.
  3347 | D:3      | Noticed a black bear
  3604 | D:4      | Noticed Menkaure
  3862 | D:3      | Found a blossoming altar of Fedhas.
  3912 | D:3      | Killed a black bear
  3913 | D:3      | Reached XP level 6. HP: 41/53 MP: 6/6
  4184 | D:4      | Killed Menkaure
  4185 | D:4      | Reached skill level 6 in Axes
  4185 | D:4      | Reached skill level 5 in Armour
  4185 | D:4      | Reached skill level 1 in Dodging
  4505 | D:4      | Reached XP level 7. HP: 24/60 MP: 7/7
  4719 | D:4      | Found an ancient bone altar of Kikubaaqudgha.
  4771 | D:4      | Noticed Robin
  4781 | D:4      | Killed Robin
  4985 | D:4      | Noticed Duvessa
  4988 | D:4      | Noticed Dowan
  5002 | D:4      | Killed Duvessa
  5003 | D:4      | Reached skill level 5 in Fighting
  5012 | D:4      | Killed from afar by Dowan

Illustrated notes

Levels and vault maps discovered:
D:1:      onia_arrival_mini_spirals, layout_rooms,
          shapermc_ecumenical_altar_petra, wander_ebering_terrifying_dragon_lair
D:2:      minmay_alternating_diamond, layout_rooms, uniq_crazy_yiuf_cottage
D:3:      layout_basic, mainiacjoe_overflow_alcove_1,
          ebering_ghost_disaster_area, serial_shops, nicolae_shop_stone
D:4:      layout_basic, mainiacjoe_overflow_24_doors, lemuel_tele_altar,
          general_overflow_altar, serial_shops, shop, minmay_misc_feat_doors,
          uniq_duvessa, uniq_robin, uniq_menkaure

Skill      XL: |  1  2  3  4  5  6  7 |
---------------+----------------------+-----
Axes           | 3 4 5 6 |  6.8
Armour         | 4 5 |  5.4
Fighting       | 4 5 |  5.1
Shields        | 4 |  4.3
Dodging        | 1 |  1.3
Stealth        | |  0.4

Action                   |  1- 3 |  4- 6 |  7- 9 || total
-------------------------+-------+-------+-------++-------
Melee: War axe           |    95 |   109 |    37 ||   241
  Use: Scroll            |     3 |     2 |       ||     5
       Potion            |       |     1 |       ||     1
Armor: Scale mail        |    60 |    38 |    18 ||   116
Dodge: Dodged            |    43 |    56 |    12 ||   111
Block: Buckler           |    11 |    28 |     9 ||    48
